Blackhawks vs Bruins

Created - January 30, 2020 at 19:00

Goals
1 2 3 T
Blackhawks 0 2 2 4
Bruins 1 1 0 2
Shots
1 2 3 T
Blackhawks 6 18 8 32
Bruins 9 11 9 29

1st period

1. Bruins , Victor Oreskovich 16 (Shane O'Brien 7, Scott Hartnell 20) at 7:25

Penalties :
Brendan Smith (Bos) for High sticking (Minor) at 4:37, Rick Nash (Chi) for Slashing (Minor) at 14:49

2nd period

2. Blackhawks , Erik Christensen 6 (Tomas Fleischmann 9, Brandon Yip 3) at 16:26
3. Bruins , Scott Hartnell 11 (Jonathan Toews 24, Jason Demers 19) at 17:14 (PP)
4. Blackhawks , Chris Kreider 21 (Derick Brassard 41, Mike Green 17) at 19:51 (PP)

Penalties :
Bobby Ryan (Chi) for Hooking (Minor) at 1:50, Mike Ribeiro (Bos) for Holding Stick (Minor) at 7:33, Mattias Tedenby (Bos) for Holding (Minor) at 13:56, Mike Green (Chi) for Holding Stick (Minor) at 16:45, Brendan Smith (Bos) for Tripping (Minor) at 19:37

3rd period

5. Blackhawks , Rick Nash 12 (Chris Kreider 21, Seth Jones 7) at 1:12
6. Blackhawks , Derick Brassard 29 (Chris Kreider 22, Kevin Marshall 4) at 18:58

Penalties :
Scott Hartnell (Bos) for Goalie Interference (Minor) at 5:36, Derick Brassard (Chi) for Hooking (Minor) at 15:04

Goalie Stats

Jimmy Howard (Chi), 27 saves from 29 shots - (0.931), W, 19-13-4, 60:00 minutes
Kevin Poulin (Bos), 28 saves from 32 shots - (0.875), L, 15-13-2, 60:00 minutes

Players Stats for Blackhawks

Player Name              G  A  P  +/- PIM S  H  SB GA TA FO     MP     PP MP  PK MP  
------------------------------------------------------------------------------------
Antoine Roussel          0  0  0   0  0   3  3  1  1  0  1/1    16:55   3:51   1:01 
Bobby Ryan               0  0  0   0  2   1  2  0  0  0  1/1    15:46   3:41   0:00 
Brandon Yip              0  1  1   1  0   0  0  0  0  1  1/2    11:35   0:13   1:57 
Chris Kreider            1  2  3   1  0   4  2  0  0  0  0/0    23:25   3:57   2:41 
Cody Hodgson             0  0  0   0  0   0  1  1  0  0  8/14   16:13   3:37   0:22 
David Jones              0  0  0   0  0   0  0  0  0  0  0/0     6:55   0:00   0:00 
Derick Brassard          1  1  2   1  2   3  1  0  1  0  13/28  22:28   4:02   1:37 
Erik Christensen         1  0  1   2  0   2  1  0  1  1  3/6    13:10   0:36   1:37 
Gabriel Bourque          0  0  0   0  0   1  1  0  0  0  0/0     9:10   0:00   2:04 
John Carlson             0  0  0  -1  0   5  3  1  1  4  0/0    26:45   4:32   3:29 
Justin Falk              0  0  0   2  0   0  0  1  0  1  0/0    13:31   0:00   0:00 
Kevin Marshall           0  1  1   2  0   1  0  1  0  0  0/0    14:00   0:00   0:29 
Matthew Spiller          0  0  0   1  0   1  1  1  0  0  0/0    19:44   3:38   2:57 
Mike Green               0  1  1  -1  2   3  0  3  1  2  0/0    26:15   4:32   3:00 
Rick Nash                1  0  1   0  2   3  1  1  0  0  0/0    20:06   3:57   0:44 
Scott Gomez              0  0  0   0  0   3  0  0  0  0  2/2     6:55   0:00   0:00 
Seth Jones               0  1  1   1  0   0  1  0  2  0  0/0    19:44   3:38   2:57 
Tomas Fleischmann        0  1  1   1  0   2  2  0  1  0  0/1    10:53   0:36   0:49 

Players Stats for Bruins

Player Name              G  A  P  +/- PIM S  H  SB GA TA FO     MP     PP MP  PK MP  
------------------------------------------------------------------------------------
Brendan Smith            0  0  0  -1  4   2  2  3  2  0  0/0    24:37   3:25   2:27 
Casey Cizikas            0  0  0   0  0   1  0  0  0  1  1/4     7:42   0:15   0:20 
Dave Bolland             0  0  0  -2  0   0  1  0  0  0  2/4    12:24   1:02   0:00 
Jason Demers             0  1  1  -1  0   0  1  3  0  1  0/0    25:53   3:25   3:47 
Johnny Boychuk           0  0  0  -1  0   0  0  0  0  1  0/0    12:02   0:15   0:35 
Jonathan Toews           0  1  1   0  0   6  2  0  0  0  12/22  17:03   2:35   0:00 
Kevin Bieksa             0  0  0  -1  0   0  0  0  0  0  0/0    13:00   0:15   1:39 
Kris Chucko              0  0  0   0  0   2  0  1  0  0  0/0     9:33   0:37   1:25 
Mattias Tedenby          0  0  0  -2  2   2  0  0  0  0  0/0     8:59   0:10   0:00 
Mike Ribeiro             0  0  0   1  2   1  0  0  0  0  5/15   14:27   2:50   0:00 
Nathan Horton            0  0  0  -1  0   1  2  0  0  0  1/1    20:47   2:03   3:45 
Rene Bourque             0  0  0  -2  0   0  0  0  0  0  0/1    12:18   0:56   0:00 
Scott Hartnell           1  1  2   1  2   1  0  1  3  2  0/0    16:53   2:50   1:55 
Shane O'Brien            0  1  1   0  0   1  0  1  0  1  0/0    22:05   2:46   3:48 
T.J Galiardi             0  0  0  -1  0   5  0  0  0  1  1/1    12:19   0:00   2:31 
Torey Krug               0  0  0   0  0   1  1  4  2  0  0/0    22:27   2:46   4:04 
Victor Oreskovich        1  0  1   1  0   4  0  0  0  1  1/2    17:48   3:17   2:41 
Wojtek Wolski            0  0  0  -1  0   2  0  1  2  0  3/5    21:28   2:43   3:43 

3 Stars

1 - Chris Kreider (Chi)
2 - Erik Christensen (Chi)
3 - Derick Brassard (Chi)

Power Play

Blackhawks - 1 on 5 Attempt(s) - 20.00%
Bruins - 1 on 4 Attempt(s) - 25.00%

Penalty Kill

Blackhawks - 3 on 4 Attempt(s) - 75.00% - Score 0 goal in Penalty Kill
Bruins - 4 on 5 Attempt(s) - 80.00% - Score 0 goal in Penalty Kill

Team Stat

Blackhawks - Hits : 19 - Faceoff Wins : 29 - Blocked Shots : 10 - Penalty Minutes : 8
Bruins - Hits : 9 - Faceoff Wins : 26 - Blocked Shots : 14 - Penalty Minutes : 10

Official

Referees : Unknown
Linesman : Unknown

Game Notes

No Game Note

Finance

Level 1 -- Attendance: 4339 (72.32%) -- Ticket Income $538,036
Level 2 -- Attendance: 4092 (81.84%) -- Ticket Income $306,900
Level 3 -- Attendance: 1679 (83.95%) -- Ticket Income $73,876
Level 4 -- Attendance: 3655 (91.38%) -- Ticket Income $105,995
Luxury Box -- Attendance: 663 (66.30%) -- Ticket Income $145,197
Game was played at the TD Banknorth Garden.
Total Attendance: 14428 (80.16%)
Total Ticket Income: $1,170,004
Other Income: $175,501
Total Income: $1,345,505

Blackhawks

5 vs 5 Forward 
   Center                   Left Wing                Right Wing               Time % Phy DF OF 
 1 Derick Brassard          Chris Kreider            Rick Nash                40     1   2  2  
 2 Cody Hodgson             Antoine Roussel          Bobby Ryan               30     1   2  2  
 3 Erik Christensen         Tomas Fleischmann        Brandon Yip              20     1   2  2  
 4 Scott Gomez              Gabriel Bourque          David Jones              10     1   2  2  

5 vs 5 Defense 
   Defense                  Defense                                           Time % Phy DF OF 
 1 Mike Green               John Carlson                                      40     1   2  2  
 2 Matthew Spiller          Seth Jones                                        30     1   2  2  
 3 Justin Falk              Kevin Marshall                                    20     1   2  2  
 4 Mike Green               John Carlson                                      10     1   2  2  

PowerPlay Forward 
   Center                   Left Wing                Right Wing               Time % Phy DF OF 
 1 Derick Brassard          Chris Kreider            Rick Nash                60     1   2  2  
 2 Cody Hodgson             Antoine Roussel          Bobby Ryan               40     1   2  2  

PowerPlay Defense
   Defense                  Defense                                           Time % Phy DF OF 
 1 Mike Green               John Carlson                                      60     1   2  2  
 2 Matthew Spiller          Seth Jones                                        40     1   2  2  

Penalty Kill 4 Players Forward 
   Center                   Wing                     Time % Phy DF OF 
 1 Derick Brassard          Chris Kreider            60     1   2  2  
 2 Antoine Roussel          Rick Nash                40     1   2  2  

Penalty Kill 4 Players Defense
   Defense                  Defense                  Time % Phy DF OF 
 1 Mike Green               John Carlson             60     1   2  2  
 2 Matthew Spiller          Seth Jones               40     1   2  2  

Penalty Kill - 3 Players Forward 
   Forward                                           Time % Phy DF OF 
 1 Derick Brassard                                   60     1   2  2  
 2 Chris Kreider                                     40     1   2  2  

Penalty Kill - 3 Players Defense
   Defense                  Defense                  Time % Phy DF OF 
 1 Mike Green               John Carlson             60     1   2  2  
 2 Matthew Spiller          Seth Jones               40     1   2  2  

4 vs 4 Forward 
   Center                   Wing                     Time % Phy DF OF 
 1 Derick Brassard          Chris Kreider            60     1   2  2  
 2 Antoine Roussel          Rick Nash                40     1   2  2  

4 vs 4 Defense
   Defense                  Defense                  Time % Phy DF OF 
 1 Mike Green               John Carlson             60     1   2  2  
 2 Matthew Spiller          Seth Jones               40     1   2  2  

Last Minutes Offensive
   Center                   Left Wing                Right Wing               Defense                  Defense                  
   Derick Brassard          Chris Kreider            Rick Nash                Mike Green               John Carlson             

Last Minutes Defensive
   Center                   Left Wing                Right Wing               Defense                  Defense                  
   Derick Brassard          Chris Kreider            Rick Nash                Mike Green               John Carlson             

Goaltenders
Starting : Jimmy Howard             
Backup : Ray Emery                

Extra Forwards
Normal : Tomas Fleischmann, Erik Christensen, Brandon Yip - PP : Tomas Fleischmann, Erik Christensen - PK : Brandon Yip
Extra Defensemen
Normal : Justin Falk, Kevin Marshall, Matthew Spiller - PP : Justin Falk - PK : Kevin Marshall, Matthew Spiller
Penalty Shots
Derick Brassard, Chris Kreider, Antoine Roussel, Rick Nash, Bobby Ryan

Scratches
None

Bruins

5 vs 5 Forward 
   Center                   Left Wing                Right Wing               Time % Phy DF OF 
 1 Jonathan Toews           Wojtek Wolski            Nathan Horton            40     0   1  4  
 2 Mike Ribeiro             Scott Hartnell           Victor Oreskovich        30     0   2  3  
 3 Dave Bolland             T.J Galiardi             Rene Bourque             20     1   2  2  
 4 Casey Cizikas            Kris Chucko              Mattias Tedenby          10     1   2  2  

5 vs 5 Defense 
   Defense                  Defense                                           Time % Phy DF OF 
 1 Jason Demers             Brendan Smith                                     40     0   3  2  
 2 Shane O'Brien            Torey Krug                                        30     0   3  2  
 3 Johnny Boychuk           Kevin Bieksa                                      20     0   3  2  
 4 Jason Demers             Brendan Smith                                     10     1   2  2  

PowerPlay Forward 
   Center                   Left Wing                Right Wing               Time % Phy DF OF 
 1 Jonathan Toews           Wojtek Wolski            Victor Oreskovich        60     0   1  4  
 2 Mike Ribeiro             Scott Hartnell           Nathan Horton            40     0   1  4  

PowerPlay Defense
   Defense                  Defense                                           Time % Phy DF OF 
 1 Jason Demers             Brendan Smith                                     60     0   2  3  
 2 Shane O'Brien            Torey Krug                                        40     0   2  3  

Penalty Kill 4 Players Forward 
   Center                   Wing                     Time % Phy DF OF 
 1 Wojtek Wolski            Nathan Horton            60     1   3  1  
 2 Victor Oreskovich        Scott Hartnell           40     1   3  1  

Penalty Kill 4 Players Defense
   Defense                  Defense                  Time % Phy DF OF 
 1 Jason Demers             Brendan Smith            60     0   4  1  
 2 Shane O'Brien            Torey Krug               40     0   4  1  

Penalty Kill - 3 Players Forward 
   Forward                                           Time % Phy DF OF 
 1 Wojtek Wolski                                     60     0   4  1  
 2 Jonathan Toews                                    40     0   4  1  

Penalty Kill - 3 Players Defense
   Defense                  Defense                  Time % Phy DF OF 
 1 Jason Demers             Brendan Smith            60     0   5  0  
 2 Shane O'Brien            Torey Krug               40     0   5  0  

4 vs 4 Forward 
   Center                   Wing                     Time % Phy DF OF 
 1 Jonathan Toews           Wojtek Wolski            60     1   2  2  
 2 Mike Ribeiro             Scott Hartnell           40     1   2  2  

4 vs 4 Defense
   Defense                  Defense                  Time % Phy DF OF 
 1 Jason Demers             Brendan Smith            60     1   2  2  
 2 Shane O'Brien            Torey Krug               40     1   2  2  

Last Minutes Offensive
   Center                   Left Wing                Right Wing               Defense                  Defense                  
   Jonathan Toews           Wojtek Wolski            Victor Oreskovich        Jason Demers             Brendan Smith            

Last Minutes Defensive
   Center                   Left Wing                Right Wing               Defense                  Defense                  
   Jonathan Toews           Wojtek Wolski            Victor Oreskovich        Jason Demers             Brendan Smith            

Goaltenders
Starting : Kevin Poulin             
Backup : Josh Tordjman            

Extra Forwards
Normal : Dave Bolland, Rene Bourque, T.J Galiardi - PP : Dave Bolland, Rene Bourque - PK : T.J Galiardi
Extra Defensemen
Normal : Johnny Boychuk, Kevin Bieksa, Shane O'Brien - PP : Johnny Boychuk - PK : Kevin Bieksa, Shane O'Brien
Penalty Shots
Wojtek Wolski, Jonathan Toews, Victor Oreskovich, Scott Hartnell, Mike Ribeiro

Scratches
None


% Time on Ice - Blackhawks

Lines # - Real PCT - Wanted PCT - Time Play
Normal Forward
1 - 40% - 40% - 18:13
2 - 27% - 30% - 12:03
3 - 18% - 20% - 8:13
4 - 15% - 10% - 6:55
Normal Defense
1 - 39% - 40% - 17:44
2 - 29% - 30% - 13:09
3 - 30% - 20% - 13:31
4 - 2% - 10% - 1:00
PP Forward
1 - 53% - 60% - 4:19
2 - 47% - 40% - 3:51
PP Defense
1 - 56% - 60% - 4:32
2 - 44% - 40% - 3:38
PK Forward
1 - 84% - 60% - 5:25
2 - 16% - 40% - 1:01
PK Defense
1 - 54% - 60% - 3:29
2 - 46% - 40% - 2:57
PK3 Forward
1 - 0% - 60%
2 - 0% - 40%
PK3 Defense
1 - 0% - 60%
2 - 0% - 40%
44 Forward
1 - 0% - 60%
2 - 0% - 40%
44 Defense
1 - 0% - 60%
2 - 0% - 40%
Last Minute Offensive  - 0:00
Last Minute Defensive  - 0:00
Total
Forward - 60:00
Defense - 60:00

% Time on Ice - Bruins

Lines # - Real PCT - Wanted PCT - Time Play
Normal Forward
1 - 40% - 40% - 18:04
2 - 25% - 30% - 11:32
3 - 21% - 20% - 9:24
4 - 14% - 10% - 6:24
Normal Defense
1 - 40% - 40% - 17:57
2 - 34% - 30% - 15:31
3 - 23% - 20% - 10:32
4 - 3% - 10% - 1:24
PP Forward
1 - 56% - 60% - 3:36
2 - 44% - 40% - 2:50
PP Defense
1 - 57% - 60% - 3:40
2 - 43% - 40% - 2:46
PK Forward
1 - 67% - 60% - 5:29
2 - 33% - 40% - 2:41
PK Defense
1 - 53% - 60% - 4:22
2 - 47% - 40% - 3:48
PK3 Forward
1 - 0% - 60%
2 - 0% - 40%
PK3 Defense
1 - 0% - 60%
2 - 0% - 40%
44 Forward
1 - 0% - 60%
2 - 0% - 40%
44 Defense
1 - 0% - 60%
2 - 0% - 40%
Last Minute Offensive  - 0:00
Last Minute Defensive  - 0:00
Total
Forward - 60:00
Defense - 60:00

Play-by-Play

1st period


0:01 of 1st period - Jonathan Toews wins face-off versus Derick Brassard in neutral zone.
0:33 of 1st period - Wrist shot by Cody Hodgson.
0:33 of 1st period - Shot Misses the Net.
0:35 of 1st period - Wrist shot by Bobby Ryan.
0:35 of 1st period - Deflect By Cody Hodgson.
0:35 of 1st period - Shot Misses the Net.
0:35 of 1st period - Puck is out of play.
0:36 of 1st period - Erik Christensen wins face-off versus Dave Bolland in Bruins zone.
1:36 of 1st period - Wrist shot by Victor Oreskovich.
1:36 of 1st period - Stopped by Jimmy Howard without a rebound.
1:37 of 1st period - Jonathan Toews wins face-off versus Cody Hodgson in Blackhawks zone.
1:39 of 1st period - Icing by Mike Green.
1:40 of 1st period - Cody Hodgson wins face-off versus Jonathan Toews in Blackhawks zone.
2:35 of 1st period - Slapshot by John Carlson.
2:35 of 1st period - Deflect By Brendan Smith.
2:35 of 1st period - Stopped by Kevin Poulin with a rebound.
3:11 of 1st period - Snap shot by Cody Hodgson.
3:11 of 1st period - Shot Misses the Net.
3:13 of 1st period - Slapshot by Bobby Ryan.
3:13 of 1st period - Shot Hit the Post.
3:15 of 1st period - Wrist shot by Antoine Roussel.
3:15 of 1st period - Stopped by Kevin Poulin with a rebound.
3:17 of 1st period - Wrist shot by Bobby Ryan.
3:17 of 1st period - Shot Blocked by Torey Krug.
3:35 of 1st period - Snap shot by Chris Kreider.
3:35 of 1st period - Stopped by Kevin Poulin without a rebound.
3:36 of 1st period - Mike Ribeiro wins face-off versus Cody Hodgson in Bruins zone.
4:11 of 1st period - Snap shot by T.J Galiardi.
4:11 of 1st period - Stopped by Jimmy Howard with a rebound.
4:13 of 1st period - Wrist shot by T.J Galiardi.
4:13 of 1st period - Stopped by Jimmy Howard without a rebound.
4:14 of 1st period - Jonathan Toews wins face-off versus Derick Brassard in Blackhawks zone.
4:29 of 1st period - Wrist shot by Jonathan Toews.
4:29 of 1st period - Deflect By Derick Brassard.
4:29 of 1st period - Shot Misses the Net.
4:29 of 1st period - Puck is out of play.
4:30 of 1st period - Erik Christensen wins face-off versus Mike Ribeiro in Blackhawks zone.
4:30 of 1st period - Erik Christensen is hit by Brendan Smith.
4:37 of 1st period - Minor Penalty to Brendan Smith for High sticking.
4:38 of 1st period - Derick Brassard wins face-off versus Wojtek Wolski in Bruins zone.
5:04 of 1st period - Wojtek Wolski is hit by Bobby Ryan and loses puck.
6:37 of 1st period - Penalty to Brendan Smith is over, Brendan Smith is back on ice.
6:42 of 1st period - Wrist shot by Tomas Fleischmann.
6:42 of 1st period - Stopped by Kevin Poulin without a rebound.
6:43 of 1st period - Dave Bolland wins face-off versus Tomas Fleischmann in Bruins zone.
7:07 of 1st period - Snap shot by Erik Christensen.
7:07 of 1st period - Shot Blocked by Scott Hartnell.
7:09 of 1st period - Snap shot by Tomas Fleischmann.
7:09 of 1st period - Shot Misses the Net.
7:11 of 1st period - Snap shot by John Carlson.
7:11 of 1st period - Stopped by Kevin Poulin without a rebound.
7:12 of 1st period - Mike Ribeiro wins face-off versus Derick Brassard in Bruins zone.
7:23 of 1st period - Snap shot by Victor Oreskovich.
7:23 of 1st period - Shot Misses the Net.
7:25 of 1st period - Slapshot by Shane O'Brien.
7:25 of 1st period - Deflect By Victor Oreskovich.
7:25 of 1st period - Goal by Victor Oreskovich - Blackhawks : 0 - Bruins : 1.
7:26 of 1st period - Derick Brassard wins face-off versus Jonathan Toews in neutral zone.
7:52 of 1st period - Jason Demers is hit by Erik Christensen and loses puck.
8:36 of 1st period - Wrist shot by Jonathan Toews.
8:36 of 1st period - Shot Misses the Net.
10:27 of 1st period - Icing by Jason Demers.
10:28 of 1st period - Dave Bolland wins face-off versus Erik Christensen in Bruins zone.
11:05 of 1st period - Nathan Horton is hit by Chris Kreider and loses puck.
11:22 of 1st period - Snap shot by Victor Oreskovich.
11:22 of 1st period - Shot Misses the Net.
11:24 of 1st period - Slapshot by Brendan Smith.
11:24 of 1st period - Shot Misses the Net.
11:26 of 1st period - Wrist shot by Victor Oreskovich.
11:26 of 1st period - Deflect By Scott Hartnell.
11:26 of 1st period - Shot Blocked by Matthew Spiller.
11:26 of 1st period - Puck is out of play.
11:27 of 1st period - Derick Brassard wins face-off versus Jonathan Toews in Blackhawks zone.
11:43 of 1st period - Off-side.
11:44 of 1st period - Cody Hodgson wins face-off versus Mike Ribeiro in neutral zone.
12:07 of 1st period - Bobby Ryan is hit by Jonathan Toews.
12:25 of 1st period - Dave Bolland is hit by Rick Nash and loses puck.
13:08 of 1st period - Slapshot by Jonathan Toews.
13:08 of 1st period - Stopped by Jimmy Howard without a rebound.
13:09 of 1st period - Jonathan Toews wins face-off versus Derick Brassard in Blackhawks zone.
13:12 of 1st period - Snap shot by Wojtek Wolski.
13:12 of 1st period - Shot Misses the Net.
13:14 of 1st period - Wrist shot by Jonathan Toews.
13:14 of 1st period - Shot Misses the Net.
13:16 of 1st period - Snap shot by Nathan Horton.
13:16 of 1st period - Deflect By Jonathan Toews.
13:16 of 1st period - Stopped by Jimmy Howard without a rebound.
13:17 of 1st period - Derick Brassard wins face-off versus Jonathan Toews in Blackhawks zone.
13:58 of 1st period - Derick Brassard is hit by Brendan Smith.
14:02 of 1st period - Snap shot by Chris Kreider.
14:02 of 1st period - Stopped by Kevin Poulin with a rebound.
14:10 of 1st period - Snap shot by Jonathan Toews.
14:10 of 1st period - Shot Blocked by Kevin Marshall.
14:12 of 1st period - Wrist shot by Wojtek Wolski.
14:12 of 1st period - Shot Misses the Net.
14:14 of 1st period - Wrist shot by Nathan Horton.
14:14 of 1st period - Stopped by Jimmy Howard with a rebound.
14:16 of 1st period - Wrist shot by Jonathan Toews.
14:16 of 1st period - Stopped by Jimmy Howard with a rebound.
14:18 of 1st period - Snap shot by Jason Demers.
14:18 of 1st period - Shot Blocked by Rick Nash.
14:49 of 1st period - Minor Penalty to Rick Nash for Slashing.
14:50 of 1st period - Brandon Yip wins face-off versus Mike Ribeiro in Blackhawks zone.
16:49 of 1st period - Penalty to Rick Nash is over, Rick Nash is back on ice.
17:03 of 1st period - Snap shot by Mattias Tedenby.
17:03 of 1st period - Deflect By Casey Cizikas.
17:03 of 1st period - Stopped by Jimmy Howard with a rebound.
17:51 of 1st period - Brendan Smith is hit by John Carlson.
18:01 of 1st period - Mike Green is hit by Jason Demers and loses puck.
18:27 of 1st period - Backhand shot by Erik Christensen.
18:27 of 1st period - Deflect By Tomas Fleischmann.
18:27 of 1st period - Shot Blocked by Brendan Smith.
18:27 of 1st period - Puck is out of play.
18:28 of 1st period - Casey Cizikas wins face-off versus Erik Christensen in Bruins zone.
19:15 of 1st period - Wrist shot by T.J Galiardi.
19:15 of 1st period - Shot Blocked by Justin Falk.
19:39 of 1st period - Off-side.
19:40 of 1st period - Scott Gomez wins face-off versus Casey Cizikas in neutral zone.
19:45 of 1st period - Snap shot by Scott Gomez.
19:45 of 1st period - Shot Blocked by Kris Chucko.
Goals for this period are 0 for Blackhawks vs 1 for Bruins.
Shots for this period are 6 for Blackhawks vs 9 for Bruins.

2nd period


0:01 of 2nd period - Cody Hodgson wins face-off versus Mike Ribeiro in neutral zone.
0:14 of 2nd period - Snap shot by Cody Hodgson.
0:14 of 2nd period - Shot Misses the Net.
0:16 of 2nd period - Slapshot by John Carlson.
0:16 of 2nd period - Stopped by Kevin Poulin with a rebound.
0:57 of 2nd period - Off-side.
0:58 of 2nd period - Jonathan Toews wins face-off versus Cody Hodgson in neutral zone.
1:09 of 2nd period - Snap shot by Jonathan Toews.
1:09 of 2nd period - Stopped by Jimmy Howard without a rebound.
1:10 of 2nd period - Jonathan Toews wins face-off versus Derick Brassard in Blackhawks zone.
1:25 of 2nd period - Slapshot by Jonathan Toews.
1:25 of 2nd period - Shot Misses the Net.
1:27 of 2nd period - Slapshot by Wojtek Wolski.
1:27 of 2nd period - Shot Misses the Net.
1:50 of 2nd period - Minor Penalty to Bobby Ryan for Hooking.
1:51 of 2nd period - Jonathan Toews wins face-off versus Derick Brassard in Blackhawks zone.
1:51 of 2nd period - Snap shot by Victor Oreskovich.
1:51 of 2nd period - Stopped by Jimmy Howard with a rebound.
1:53 of 2nd period - Snap shot by Victor Oreskovich.
1:53 of 2nd period - Stopped by Jimmy Howard without a rebound.
1:54 of 2nd period - Jonathan Toews wins face-off versus Derick Brassard in Blackhawks zone.
2:41 of 2nd period - Jonathan Toews is hit by Chris Kreider and loses puck.
3:10 of 2nd period - Snap shot by Gabriel Bourque.
3:10 of 2nd period - Stopped by Kevin Poulin with a rebound.
3:18 of 2nd period - Shane O'Brien is hit by Seth Jones.
3:50 of 2nd period - Penalty to Bobby Ryan is over, Bobby Ryan is back on ice.
3:53 of 2nd period - Icing by Chris Kreider.
3:54 of 2nd period - T.J Galiardi wins face-off versus Erik Christensen in Blackhawks zone.
3:55 of 2nd period - Slapshot by Dave Bolland.
3:55 of 2nd period - Shot Blocked by Mike Green.
4:23 of 2nd period - Wrist shot by Scott Gomez.
4:23 of 2nd period - Stopped by Kevin Poulin with a rebound.
4:35 of 2nd period - Snap shot by T.J Galiardi.
4:35 of 2nd period - Stopped by Jimmy Howard without a rebound.
4:36 of 2nd period - Derick Brassard wins face-off versus Jonathan Toews in Blackhawks zone.
5:15 of 2nd period - Slapshot by Antoine Roussel.
5:15 of 2nd period - Stopped by Kevin Poulin without a rebound.
5:16 of 2nd period - Erik Christensen wins face-off versus Rene Bourque in Bruins zone.
6:31 of 2nd period - Wrist shot by Scott Gomez.
6:31 of 2nd period - Stopped by Kevin Poulin with a rebound.
7:25 of 2nd period - Jason Demers is hit by Bobby Ryan and loses puck.
7:33 of 2nd period - Minor Penalty to Mike Ribeiro for Holding Stick.
7:34 of 2nd period - Wojtek Wolski wins face-off versus Derick Brassard in Bruins zone.
8:08 of 2nd period - Slapshot by Mike Green.
8:08 of 2nd period - Shot Blocked by Torey Krug.
8:10 of 2nd period - Slapshot by Mike Green.
8:10 of 2nd period - Stopped by Kevin Poulin with a rebound.
8:48 of 2nd period - Snap shot by T.J Galiardi.
8:48 of 2nd period - Stopped by Jimmy Howard with a rebound.
9:31 of 2nd period - Shane O'Brien is hit by Tomas Fleischmann and loses puck.
9:33 of 2nd period - Penalty to Mike Ribeiro is over, Mike Ribeiro is back on ice.
10:04 of 2nd period - Wrist shot by Tomas Fleischmann.
10:04 of 2nd period - Shot Misses the Net.
10:06 of 2nd period - Snap shot by Tomas Fleischmann.
10:06 of 2nd period - Stopped by Kevin Poulin with a rebound.
10:08 of 2nd period - Backhand shot by Erik Christensen.
10:08 of 2nd period - Stopped by Kevin Poulin with a rebound.
10:10 of 2nd period - Slapshot by Kevin Marshall.
10:10 of 2nd period - Deflect By T.J Galiardi.
10:10 of 2nd period - Stopped by Kevin Poulin with a rebound.
10:27 of 2nd period - David Jones is hit by Jonathan Toews and loses puck.
10:44 of 2nd period - Wrist shot by Mattias Tedenby.
10:44 of 2nd period - Stopped by Jimmy Howard with a rebound.
10:46 of 2nd period - Wrist shot by Kris Chucko.
10:46 of 2nd period - Stopped by Jimmy Howard without a rebound.
10:47 of 2nd period - Mike Ribeiro wins face-off versus Cody Hodgson in Blackhawks zone.
11:00 of 2nd period - Snap shot by Victor Oreskovich.
11:00 of 2nd period - Deflect By Mike Ribeiro.
11:00 of 2nd period - Shot Blocked by Antoine Roussel.
11:00 of 2nd period - Puck is out of play.
11:01 of 2nd period - Jonathan Toews wins face-off versus Derick Brassard in Blackhawks zone.
11:08 of 2nd period - Backhand shot by Jonathan Toews.
11:08 of 2nd period - Stopped by Jimmy Howard with a rebound.
11:17 of 2nd period - Snap shot by Wojtek Wolski.
11:17 of 2nd period - Stopped by Jimmy Howard without a rebound.
11:18 of 2nd period - Cody Hodgson wins face-off versus Victor Oreskovich in Blackhawks zone.
11:23 of 2nd period - Snap shot by Scott Hartnell.
11:23 of 2nd period - Shot Blocked by Mike Green.
11:31 of 2nd period - Snap shot by Scott Hartnell.
11:31 of 2nd period - Shot Misses the Net.
11:33 of 2nd period - Wrist shot by Mike Ribeiro.
11:33 of 2nd period - Shot Blocked by Cody Hodgson.
12:43 of 2nd period - Brendan Smith is hit by Derick Brassard and loses puck.
13:05 of 2nd period - Icing by Mattias Tedenby.
13:06 of 2nd period - Cody Hodgson wins face-off versus Casey Cizikas in Bruins zone.
13:11 of 2nd period - Slapshot by Antoine Roussel.
13:11 of 2nd period - Shot Blocked by Jason Demers.
13:13 of 2nd period - Backhand shot by Antoine Roussel.
13:13 of 2nd period - Shot Misses the Net.
13:15 of 2nd period - Wrist shot by Cody Hodgson.
13:15 of 2nd period - Deflect By Bobby Ryan.
13:15 of 2nd period - Stopped by Kevin Poulin with a rebound.
13:41 of 2nd period - Wrist shot by Seth Jones.
13:41 of 2nd period - Shot Hit the Post.
13:56 of 2nd period - Minor Penalty to Mattias Tedenby for Holding.
13:57 of 2nd period - Wojtek Wolski wins face-off versus Derick Brassard in Bruins zone.
14:11 of 2nd period - Slapshot by John Carlson.
14:11 of 2nd period - Shot Blocked by Torey Krug.
14:13 of 2nd period - Slapshot by Chris Kreider.
14:13 of 2nd period - Deflect By Derick Brassard.
14:13 of 2nd period - Stopped by Kevin Poulin with a rebound.
15:56 of 2nd period - Penalty to Mattias Tedenby is over, Mattias Tedenby is back on ice.
16:12 of 2nd period - Wrist shot by Scott Gomez.
16:12 of 2nd period - Stopped by Kevin Poulin with a rebound.
16:26 of 2nd period - Snap shot by Erik Christensen.
16:26 of 2nd period - Goal by Erik Christensen - Blackhawks : 1 - Bruins : 1.
16:27 of 2nd period - Derick Brassard wins face-off versus Mike Ribeiro in neutral zone.
16:45 of 2nd period - Minor Penalty to Mike Green for Holding Stick.
16:46 of 2nd period - Jonathan Toews wins face-off versus Derick Brassard in Blackhawks zone.
16:52 of 2nd period - Snap shot by Wojtek Wolski.
16:52 of 2nd period - Stopped by Jimmy Howard with a rebound.
17:14 of 2nd period - Backhand shot by Scott Hartnell.
17:14 of 2nd period - Goal by Scott Hartnell - Blackhawks : 1 - Bruins : 2.
17:15 of 2nd period - Derick Brassard wins face-off versus Jonathan Toews in neutral zone.
17:18 of 2nd period - Snap shot by John Carlson.
17:18 of 2nd period - Stopped by Kevin Poulin with a rebound.
17:20 of 2nd period - Snap shot by Rick Nash.
17:20 of 2nd period - Shot Blocked by Wojtek Wolski.
17:22 of 2nd period - Snap shot by Rick Nash.
17:22 of 2nd period - Stopped by Kevin Poulin with a rebound.
17:24 of 2nd period - Wrist shot by Derick Brassard.
17:24 of 2nd period - Shot Hit the Post.
17:26 of 2nd period - Slapshot by Mike Green.
17:26 of 2nd period - Stopped by Kevin Poulin with a rebound.
17:28 of 2nd period - Slapshot by Mike Green.
17:28 of 2nd period - Shot Blocked by Shane O'Brien.
17:30 of 2nd period - Slapshot by Derick Brassard.
17:30 of 2nd period - Shot Misses the Net.
17:54 of 2nd period - Icing by Victor Oreskovich.
17:55 of 2nd period - Derick Brassard wins face-off versus Mike Ribeiro in Bruins zone.
17:56 of 2nd period - Wrist shot by Chris Kreider.
17:56 of 2nd period - Shot Misses the Net.
18:10 of 2nd period - Slapshot by John Carlson.
18:10 of 2nd period - Stopped by Kevin Poulin with a rebound.
18:22 of 2nd period - Mike Ribeiro is hit by John Carlson and loses puck.
18:52 of 2nd period - Icing by Brendan Smith.
18:53 of 2nd period - Scott Gomez wins face-off versus Mike Ribeiro in Bruins zone.
18:54 of 2nd period - Snap shot by Gabriel Bourque.
18:54 of 2nd period - Shot Blocked by Brendan Smith.
18:56 of 2nd period - Wrist shot by Scott Gomez.
18:56 of 2nd period - Shot Blocked by Jason Demers.
19:18 of 2nd period - Mike Ribeiro is hit by Antoine Roussel and loses puck.
19:27 of 2nd period - Wrist shot by Antoine Roussel.
19:27 of 2nd period - Shot Misses the Net.
19:37 of 2nd period - Minor Penalty to Brendan Smith for Tripping.
19:38 of 2nd period - Wojtek Wolski wins face-off versus Derick Brassard in Bruins zone.
19:51 of 2nd period - Snap shot by Chris Kreider.
19:51 of 2nd period - Goal by Chris Kreider - Blackhawks : 2 - Bruins : 2.
19:52 of 2nd period - Jonathan Toews wins face-off versus Derick Brassard in neutral zone.
Goals for this period are 2 for Blackhawks vs 1 for Bruins.
Shots for this period are 18 for Blackhawks vs 11 for Bruins.

3rd period


0:01 of 3rd period - Nathan Horton wins face-off versus Derick Brassard in neutral zone.
0:08 of 3rd period - Snap shot by Jonathan Toews.
0:08 of 3rd period - Shot Blocked by John Carlson.
0:30 of 3rd period - Slapshot by Torey Krug.
0:30 of 3rd period - Shot Blocked by Mike Green.
1:10 of 3rd period - Wrist shot by Chris Kreider.
1:10 of 3rd period - Stopped by Kevin Poulin with a rebound.
1:12 of 3rd period - Slapshot by Rick Nash.
1:12 of 3rd period - Goal by Rick Nash - Blackhawks : 3 - Bruins : 2.
1:13 of 3rd period - Derick Brassard wins face-off versus Jonathan Toews in neutral zone.
1:23 of 3rd period - Wrist shot by Derick Brassard.
1:23 of 3rd period - Shot Misses the Net.
1:25 of 3rd period - Wrist shot by Rick Nash.
1:25 of 3rd period - Shot Misses the Net.
1:27 of 3rd period - Backhand shot by Matthew Spiller.
1:27 of 3rd period - Stopped by Kevin Poulin with a rebound.
1:29 of 3rd period - Wrist shot by Rick Nash.
1:29 of 3rd period - Stopped by Kevin Poulin without a rebound.
1:30 of 3rd period - Mike Ribeiro wins face-off versus Cody Hodgson in Bruins zone.
1:30 of 3rd period - Mike Ribeiro is hit by Cody Hodgson.
1:58 of 3rd period - Snap shot by Derick Brassard.
1:58 of 3rd period - Shot Misses the Net.
2:02 of 3rd period - Snap shot by Chris Kreider.
2:02 of 3rd period - Shot Blocked by Torey Krug.
2:04 of 3rd period - Wrist shot by Mike Green.
2:04 of 3rd period - Stopped by Kevin Poulin with a rebound.
3:08 of 3rd period - Wrist shot by Mike Ribeiro.
3:08 of 3rd period - Stopped by Jimmy Howard without a rebound.
3:09 of 3rd period - Derick Brassard wins face-off versus Jonathan Toews in Blackhawks zone.
3:32 of 3rd period - Chris Kreider is hit by Nathan Horton and loses puck.
4:00 of 3rd period - Snap shot by Jonathan Toews.
4:00 of 3rd period - Shot Misses the Net.
4:14 of 3rd period - Wrist shot by Jonathan Toews.
4:14 of 3rd period - Shot Misses the Net.
5:10 of 3rd period - Wrist shot by Chris Kreider.
5:10 of 3rd period - Deflect By Kevin Bieksa.
5:10 of 3rd period - Shot Misses the Net.
5:10 of 3rd period - Puck is out of play.
5:11 of 3rd period - Cody Hodgson wins face-off versus Mike Ribeiro in Bruins zone.
5:20 of 3rd period - Snap shot by Bobby Ryan.
5:20 of 3rd period - Deflect By Antoine Roussel.
5:20 of 3rd period - Shot Misses the Net.
5:20 of 3rd period - Puck is out of play.
5:21 of 3rd period - Cody Hodgson wins face-off versus Mike Ribeiro in Bruins zone.
5:31 of 3rd period - Off-side.
5:32 of 3rd period - Cody Hodgson wins face-off versus Mike Ribeiro in neutral zone.
5:36 of 3rd period - Minor Penalty to Scott Hartnell for Goalie Interference.
5:37 of 3rd period - Victor Oreskovich wins face-off versus Cody Hodgson in Bruins zone.
5:37 of 3rd period - Victor Oreskovich is hit by Antoine Roussel.
5:52 of 3rd period - Slapshot by Seth Jones.
5:52 of 3rd period - Shot Blocked by Brendan Smith.
5:54 of 3rd period - Wrist shot by Antoine Roussel.
5:54 of 3rd period - Stopped by Kevin Poulin without a rebound.
5:55 of 3rd period - Antoine Roussel wins face-off versus Wojtek Wolski in Bruins zone.
6:04 of 3rd period - Slapshot by John Carlson.
6:04 of 3rd period - Shot Blocked by Jason Demers.
7:00 of 3rd period - Torey Krug is hit by Antoine Roussel and loses puck.
7:36 of 3rd period - Penalty to Scott Hartnell is over, Scott Hartnell is back on ice.
9:19 of 3rd period - Jason Demers is hit by John Carlson.
9:29 of 3rd period - Kevin Bieksa is hit by Gabriel Bourque and loses puck.
9:58 of 3rd period - Brandon Yip is hit by Dave Bolland and loses puck.
10:32 of 3rd period - Antoine Roussel is hit by Torey Krug and loses puck.
11:23 of 3rd period - Jason Demers is hit by Tomas Fleischmann.
11:55 of 3rd period - Snap shot by Derick Brassard.
11:55 of 3rd period - Stopped by Kevin Poulin without a rebound.
11:56 of 3rd period - Derick Brassard wins face-off versus Casey Cizikas in Bruins zone.
12:03 of 3rd period - Slapshot by Jason Demers.
12:03 of 3rd period - Deflect By Kris Chucko.
12:03 of 3rd period - Stopped by Jimmy Howard with a rebound.
12:05 of 3rd period - Snap shot by Brendan Smith.
12:05 of 3rd period - Stopped by Jimmy Howard with a rebound.
12:11 of 3rd period - Wrist shot by Mattias Tedenby.
12:11 of 3rd period - Stopped by Jimmy Howard with a rebound.
12:23 of 3rd period - Torey Krug is hit by Matthew Spiller and loses puck.
13:00 of 3rd period - Icing by Dave Bolland.
13:01 of 3rd period - Derick Brassard wins face-off versus Dave Bolland in Bruins zone.
13:28 of 3rd period - Wrist shot by T.J Galiardi.
13:28 of 3rd period - Stopped by Jimmy Howard with a rebound.
13:42 of 3rd period - Wrist shot by Dave Bolland.
13:42 of 3rd period - Shot Misses the Net.
13:44 of 3rd period - Snap shot by Torey Krug.
13:44 of 3rd period - Stopped by Jimmy Howard without a rebound.
13:45 of 3rd period - Derick Brassard wins face-off versus Jonathan Toews in Blackhawks zone.
13:54 of 3rd period - Snap shot by Rick Nash.
13:54 of 3rd period - Shot Misses the Net.
14:55 of 3rd period - Backhand shot by Nathan Horton.
14:55 of 3rd period - Shot Misses the Net.
14:57 of 3rd period - Slapshot by Brendan Smith.
14:57 of 3rd period - Stopped by Jimmy Howard without a rebound.
14:58 of 3rd period - Mike Ribeiro wins face-off versus Derick Brassard in Blackhawks zone.
15:04 of 3rd period - Minor Penalty to Derick Brassard for Hooking.
15:05 of 3rd period - Jonathan Toews wins face-off versus Brandon Yip in Blackhawks zone.
15:44 of 3rd period - Mike Green is hit by Nathan Horton and loses puck.
17:04 of 3rd period - Penalty to Derick Brassard is over, Derick Brassard is back on ice.
18:25 of 3rd period - Slapshot by Shane O'Brien.
18:25 of 3rd period - Deflect By Chris Kreider.
18:25 of 3rd period - Stopped by Jimmy Howard with a rebound.
18:58 of 3rd period - Snap shot by Derick Brassard.
18:58 of 3rd period - Goal by Derick Brassard - Blackhawks : 4 - Bruins : 2.
18:59 of 3rd period - Bobby Ryan wins face-off versus Jonathan Toews in neutral zone.
19:12 of 3rd period - Slapshot by Jonathan Toews.
19:12 of 3rd period - Stopped by Jimmy Howard with a rebound.
Goals for this period are 2 for Blackhawks vs 0 for Bruins.
Shots for this period are 8 for Blackhawks vs 9 for Bruins.